 Dungeon Crawl Stone Soup version 0.29.1-15-g9cfb28693d (webtiles) character file.

Game seed: 16944155598811306173

60 Sanktem7 the Trooper (level 3, -4/26 (34) HPs)
             Began as a Minotaur Fighter on Mar 3, 2023.
             Slain by Edmund
             ... wielding a +1 flail of draining
              (7 damage)
             ... on level 4 of the Dungeon.
             The game lasted 00:02:28 (2055 turns).

Sanktem7 the Trooper (Minotaur Fighter)             Turns: 2055, Time: 00:02:28

HP:   -4/26 (34)    AC:  7    Str: 22    XL:     3   Next: 82%
MP:   2/2           EV:  9    Int:  5    God:
Gold: 134           SH:  4    Dex:  9    Spells: 2/2 levels left

rFire   . . .      SeeInvis .   a - +0 war axe {axe}
rCold   . . .      Faith    .   c - +0 buckler
rNeg    . . .      Spirit   .   b - +0 scale mail
rPois   .          Reflect  .   (helmet restricted)
rElec   .          Harm     .   (no cloak)
rCorr   .          Rampage  .   (no gloves)
Will    .....                   (no boots)
Stlth   ..........              (no amulet)
HPRegen 0.08/turn               (no ring)
MPRegen 0.08/turn               (no ring)

@: heavily drained
A: horns 2, retaliatory headbutt
a: no special abilities


You were on level 4 of the Dungeon.
You visited 1 branch of the dungeon, and saw 4 of its levels.

You collected 134 gold pieces.


Innate Abilities, Weirdness & Mutations

You have a pair of horns on your head.
You reflexively headbutt those who attack you in melee.


   Skills:
 * Level 4.6 Fighting
 * Level 3.7 Axes
 + Level 4.1 Armour
 - Level 3.6 Shields


You had 2 spell levels left.
You didn't know any spells.
Your spell library contained the following spells:

 Spells                   Type           Power      Damage    Failure   Level
 Magic Dart               Conj           0%         1d3       87%         1
 Call Imp                 Summ           0%         N/A       95%         2
 Mephitic Cloud           Conj/Pois/Air  0%         N/A       99%         3

Inventory:

Hand Weapons
 a - a +0 war axe (weapon) {axe}
 k - a +2 whip of draining {mace}
   (You took it off a kobold on level 2 of the Dungeon)
 u - a +2 short sword of flaming {short}
   (You took it off a kobold on level 3 of the Dungeon)
Missiles
 l - 25 stones (quivered) {throwing}
 y - 6 boomerangs {throwing}
Armour
 b - a +0 scale mail (worn)
 c - a +0 buckler (worn)
Jewellery
 j - a ring of willpower
   (You found it on level 2 of the Dungeon)
Wands
 w - a wand of flame (13)
   (You took it off a kobold on level 3 of the Dungeon)
Scrolls
 f - 3 scrolls of identify {unknown}
 h - a scroll of teleportation {unknown}
 m - 2 scrolls of enchant armour {unknown}
 p - 4 scrolls of noise {unknown}
 r - a scroll of blinking {unknown}
 s - a scroll of acquirement {unknown}
 v - a scroll of silence {unknown}
Potions
 d - a potion of might
 e - 6 potions of curing {unknown}
 g - 2 potions of brilliance {unknown}
 i - a potion of mutation {unknown}
 n - a potion of heal wounds {unknown}
 o - a potion of degeneration {unknown}
 q - a potion of lignification {unknown}
 t - 2 potions of flight {unknown}
 x - a potion of resistance {unknown}
 z - a potion of berserk rage {unknown}

Dungeon Overview and Level Annotations

Branches:
Dungeon (4/15) Zot: 21913
 Temple: D:4-7

Altars:
Hepliaklqana
Vehumet

Annotations:
D:4 Edmund

...........†...........
#..#......#######.#######
...##..#### #.#
.......####### #.#
####.......####.#
#######.#....# #.#.##.# .
#######.....##...#
..........@@......
...######.#.......
#.####...# #.# ..# #.# .#
... ..# ..#


You could see Edmund (strong).


Message History

😕 HP[+1]
x - a glowing orange potion 😎 HP[+2]
Your hp is fully restored (34).
z - a smoky coppery potion As you open the door, it creaks loudly!
There is an open door here.
There is a stone staircase leading down here.
There is a stone staircase leading up here.
Found a stone staircase leading up.
y - 6 boomerangs {throwing}
t - 2 coppery potions (gained 1)
You see here a +0 robe.
You open the door.
There is an open door here.
A goblin comes into view. It is wielding a +0 club.
The goblin shouts!
A goblin is nearby!
The goblin unwields a +0 club.
The goblin wields a +0 sling.
The goblin shoots a sling bullet.
The sling bullet barely misses you.
The goblin shoots a sling bullet.
The sling bullet closely misses you.
The goblin shoots a sling bullet.
You block the sling bullet.
The goblin shoots a sling bullet.
The sling bullet barely misses you.
The goblin unwields a +0 sling.
The goblin wields a +0 club.
The goblin hits you with a +0 club. 😕 HP[-1]
You take 1 damage, and now have 33/34 hp.
You hit the goblin. You block the goblin's attack.
You closely miss the goblin. Your headbutt misses the goblin.
The goblin barely misses you. The goblin closely misses you. 😎 HP[+1]
Your hp is fully restored (34).
You completely miss the goblin. The goblin hits you but does no damage.
A goblin is nearby!
A goblin is nearby!
You slash the goblin!
You kill the goblin!
Things that are here:
a +0 club {mace}; a +0 sling Done exploring.
Done exploring.
Done exploring.
There is a stone staircase leading down here.
You climb downwards.
There is a stone staircase leading up here.
No target in view!
Found a hazy altar of Hepliaklqana.
A giant cockroach comes into view.
A giant cockroach is nearby!
You hit the giant cockroach.
You kill the giant cockroach!
No target in view!
No target in view!
No target in view!
You see here a giant cockroach corpse.
Edmund the Younger comes into view.
He is wielding a +1 flail of draining.
Edmund hits you but does no damage.
You feel drained. 😎 HP[-1]
You now have 33 max hp (-1).
You hit Edmund. Your headbutt misses Edmund. Edmund barely misses you.
You slash Edmund!
Edmund hits you with a +1 flail of draining!
You feel drained.
Edmund drinks a potion.
Edmund seems to grow stronger. 😮 HP[-11]
You now have 31 max hp (-2).
You take 11 damage, and now have 22/31 hp.
MASSIVE DAMAGE!! (PAUSE)
You barely miss Edmund. Your headbutt misses Edmund.
Edmund hits you with a +1 flail of draining.
You feel drained. 😮 HP[-4]
You now have 30 max hp (-1).
You take 4 damage, and now have 18/30 hp.
You slash Edmund! Edmund closely misses you. You furiously retaliate!
You headbutt Edmund, but do no damage. 😮 HP[+1]
You barely miss Edmund. You headbutt Edmund, but do no damage.
You block Edmund's attack.
Edmund hits you with a +1 flail of draining.
* * * LOW HITPOINT WARNING * * *
You feel drained.
* * * LOW HITPOINT WARNING * * *
😨 HP[-7]
You now have 28 max hp (-2).
You take 7 damage, and now have 12/28 hp.
MASSIVE DAMAGE!! (PAUSE)
You barely miss Edmund.
Edmund hits you with a +1 flail of draining!
* * * LOW HITPOINT WARNING * * *
You feel drained. 😱 HP[-9]
You now have 26 max hp (-2).
You take 9 damage, and now have 3/26 hp.
MASSIVE DAMAGE!! (PAUSE)
You closely miss Edmund.
Edmund hits you with a +1 flail of draining!
You die...

Skill      XL: |  1  2 |
---------------+-------+-----
Fighting       | 4 |  4.6
Axes           | 3 |  3.7
Armour         | 4 |  4.1
Shields        | |  3.6

Action                   || total
-------------------------++-------
Melee: War axe           ||    81
       Headbutt          ||     9
Armor: Scale mail        ||    33
Dodge: Dodged            ||    39
Block: Buckler           ||    13

Levels and vault maps discovered:
D:1:      psy_arrival_basics, layout_rooms
D:2:      layout_rooms, serial_shops, shop,
          hellmonk_ecumenical_altar_inner_sanctum, minivault_27,
          chequers_serial_rivers_micro_c, feat_on_display
D:3:      layout_basic, vehumet_altar_wand_db
D:4:      layout_basic, lemuel_crystal_altar, kennysheep_mini_moat,
          minmay_temple_entry_fiery, minmay_three_crescents, uniq_edmund,
          uniq_crazy_yiuf_cottage

Notes
Turn   | Place    | Note
-------+----------+-------------------------------------------
     0 | D:1      | Sanktem7 the Minotaur Fighter began the quest for the Orb.
     0 | D:1      | Reached XP level 1. HP: 19/19 MP: 0/0
     0 | D:1      | magus.rc [v1.9.6]
   281 | D:1      | Reached XP level 2. HP: 27/27 MP: 1/1
   390 | D:1      | Reached skill level 4 in Fighting
   397 | D:1      | You pick up a book of Minor Magic and begin reading...
   397 | D:1      | You add the spells Magic Dart, Call Imp and Mephitic Cloud
                  | to your library.
   421 | D:1      | Reached skill level 3 in Axes
   839 | D:2      | Reached skill level 4 in Armour
   839 | D:2      | Reached XP level 3. HP: 27/34 MP: 2/2
   938 | D:2      | Found a faded altar of an unknown god.
   991 | D:2      | Found Dysat's Magic Scroll Boutique.
  1644 | D:3      | Found a radiant altar of Vehumet.
  2013 | D:4      | Found a hazy altar of Hepliaklqana.
  2045 | D:4      | Noticed Edmund
  2054 | D:4      | HP: 3/28 [Edmund/+1 flail of draining (9)]
  2055 | D:4      | Slain by Edmund

Vanquished Creatures
  2 adders (D:2)
  3 dart slugs (D:1)
  3 endoplasms
  3 giant cockroaches
  6 goblins
  2 hobgoblins
  A ball python (D:3)
  2 bats (D:1)
  2 frilled lizards
  6 kobolds
  5 rats
35 creatures vanquished.

Table legend:
 A = Non-vault XP
 B = Vault XP
 C = Vault XP percentage of total XP
 D = Non-vault monster count
 E = Vault monster count
 F = Vault count percentage of total count
                 A         B        C        D         E       F
            +---------+---------+-------+---------+---------+-------
      Total |      85 |       2 |   2.3 |      34 |       1 |   2.9
            +---------+---------+-------+---------+---------+-------
        D:1 |      33 |       0 |   0.0 |      18 |       0 |   0.0
        D:2 |      33 |       0 |   0.0 |       5 |       0 |   0.0
        D:3 |      17 |       2 |  10.5 |      10 |       1 |   9.1
        D:4 |       2 |       0 |   0.0 |       1 |       0 |   0.0
            +---------+---------+-------+---------+---------+-------

Illustrated notes

Table legend:
 A = Kills in this place as a percentage of kills in entire the game.
 B = Kills by you in this place as a percentage of kills by you in the entire game.
 C = Kills by friends in this place as a percentage of kills by friends in the entire game.
 D = Other kills in this place as a percentage of other kills in the entire game.
 E = Experience gained in this place as a percentage of experience gained in the entire game.
 F = Experience gained in this place divided by the number of levels of this place that you have seen.
                   A       B       C       D       E      F
               +-------+-------+-------+-------+-------+----------------------
         Total | 100.0 | 100.0 |   N/A |   N/A | 100.0 |  21.8
       Dungeon | 100.0 | 100.0 |   N/A |   N/A | 100.0 |  21.8
               +-------+-------+-------+-------+-------+----------------------

Table legend: (Time is in decaauts)
 A = Elapsed time spent in this place.
 B = Non-inter-level travel time spent in this place.
 C = Inter-level travel time spent in this place.
 D = Time resting spent in this place.
 E = Time spent auto-exploring this place.
 F = Levels seen in this place.
 G = Mean time per level.
                   A        B        C        D        E       F      G
               +--------+--------+--------+--------+--------+-----+--------+
         Total |   2085 |   1983 |    102 |      0 |   1722 |   4 |  521.2 |
       Dungeon |   2085 |   1983 |    102 |      0 |   1722 |   4 |  521.2 |
               +--------+--------+--------+--------+--------+-----+--------+

Top non-repeatable levels by time:
     D:1: 742 daAuts
     D:3: 678 daAuts
     D:2: 615 daAuts
     D:4: 48 daAuts
